 Dungeon Crawl Stone Soup version 0.27-a0-1101-ge311f74bc8 (webtiles) character file.

Game seed: 6607543798176609216

170 robertstho the Magician (level 5, 0/35 HPs)
             Began as a Djinni Hedge Wizard on Apr 28, 2021.
             Slain by an orc
             ... wielding a +0 short sword
              (4 damage)
             ... on level 3 of the Dungeon.
             The game lasted 00:04:38 (4049 turns).

robertstho the Magician (Djinni Hedge Wizard)       Turns: 4049, Time: 00:04:38

Health: 0/35       AC:  5    Str:  9    XL:     5   Next: 51%
Gold:   153        EV: 12    Int: 17    God:
                   SH:  0    Dex: 12

rFire    + + .     SeeInvis .   e - +0 dagger
rCold    x . .     Faith    .   (no shield)
rNeg     . . .     Spirit   .   h - +2 robe {Will+}
rPois    ∞         Reflect  .   b - +0 helmet
rElec    .         Harm     .   (no cloak)
rCorr    .         Rampage  .   (no gloves)
Will     +....                  (boots unavailable)
Stlth    ++........             (no amulet)
HPRegen  0.11/turn              (no ring)
MPRegen  0.00/turn              (no ring)

@: flying
A: fire resistance 2, cold vulnerability 1, float, innate caster, hp casting,
extra vitality 1
a: no special abilities


You were on level 3 of the Dungeon.
You visited 1 branch of the dungeon, and saw 3 of its levels.

You collected 153 gold pieces.

Inventory:

Hand Weapons
 a - a +0 dagger
 e - a +0 dagger (weapon)
Armour
 b - a +0 helmet (worn)
 h - a +2 robe of willpower (worn)
Scrolls
 c - a scroll of noise {unknown}
 g - a scroll of magic mapping {unknown}
 k - a scroll of immolation {unknown}
Potions
 d - 2 potions of curing
 f - a potion of ambrosia {unknown}
 i - a potion of haste {unknown}
 j - 2 potions of heal wounds {unknown}


   Skills:
 + Level 2.8 Dodging
 + Level 2.4 Stealth
 + Level 4.5 Spellcasting


You couldn't memorise any spells.
You knew the following spells:

 Your Spells              Type           Power      Damage    Failure   Level
a - Magic Dart            Conj           76%        1d6       2%          1
b - Blink                 Tloc           N/A        N/A       3%          2
c - Call Imp              Summ           19%        N/A       3%          2
d - Slow                  Hex            19%        N/A       3%          2
e - Conjure Flame         Conj/Fire      19%        6-21      7%          3
f - Mephitic Cloud        Conj/Pois/Air  19%        N/A       7%          3
g - Summon Small Mammal   Summ           76%        N/A       2%          1
h - Searing Ray           Conj           38%        3d4       3%          2
Your spell library was empty.

Dungeon Overview and Level Annotations

Branches:
Dungeon (3/15)

Altars:


Innate Abilities, Weirdness & Mutations

You are immune to poison.
Your flesh is very heat resistant. (rF++)
You are vulnerable to cold. (rC-)
You float through the air rather than walking.
You learn spells naturally, not from books.
Your magical power is your life essence.
You have superior vitality. (+4 HP)


Message History

Aiming: Magic Dart (safe; 2% risk of failure)
Press: ? - help, Q - select action, (/) - cycle Shift-Dir - straight line, f/p - orc priest
Aim: an orc priest, wielding a +0 flail and wearing a +0 leather armour of cold resistance (100% to hit)
The magic dart hits the orc.
The orc is almost dead.
The orc shouts!
Aiming: Magic Dart (safe; 2% risk of failure)
Press: ? - help, Q - select action, (/) - cycle Shift-Dir - straight line, f/p - orc priest
Aim: an orc priest, wielding a +0 flail and wearing a +0 leather armour of cold resistance (100% to hit)
The magic dart hits the orc priest.
The orc priest is lightly wounded.
The orc priest calls upon Beogh to heal the orc.
The orc is healed somewhat.
The orc barely misses you.
Aiming: Magic Dart (safe; 2% risk of failure)
Press: ? - help, Q - select action, (/) - cycle Shift-Dir - straight line, f/p - orc priest
Aim: an orc priest, wielding a +0 flail and wearing a +0 leather armour of cold resistance (lightly wounded, 100% to hit)
The magic dart hits the orc priest but does no damage.
The orc priest is lightly wounded.
The orc hits you with a +0 short sword.
Aiming: Magic Dart (safe; 2% risk of failure)
Press: ? - help, Q - select action, (/) - cycle Shift-Dir - straight line, f/p - orc priest
Aim: an orc priest, wielding a +0 flail and wearing a +0 leather armour of cold resistance (lightly wounded, 100% to hit)
The magic dart hits the orc priest.
The orc priest is moderately wounded.
The orc priest invokes the aid of Beogh against you.
You resist with some effort.
The orc hits you from afar with a +0 trident.
The orc barely misses you.
Your magical contamination has completely faded away.
The orc priest invokes the aid of Beogh against you.
Beogh smites you!
* * * LOW HITPOINT WARNING * * *
Aiming: Magic Dart (safe; 2% risk of failure)
Press: ? - help, Q - select action, (/) - cycle Shift-Dir - straight line, f/p - orc priest
Aim: an orc priest, wielding a +0 flail and wearing a +0 leather armour of cold resistance (moderately wounded, 100% to hit)
The magic dart hits the orc.
The orc is severely wounded.
* * * LOW HITPOINT WARNING * * *
The orc hits you with a +0 short sword.
You die...

... ## ###.#####.
..........
#....... #>......
#....... #
##....... ######
#.##....####
#oo@.# #.....#.#
#o##.# ####..#.#
#. #.#### #..#.#
#o #....# #..#.#
#.
####.####..#.####
#. #†##<.........
#. #....#....##.#
#. ##.#.....#....
.........#.###


You could see an orc priest and 2 orcs.

Vanquished Creatures
  A centaur zombie (D:3)
  An orc priest (D:3)
  6 adders
  2 dart slugs
  2 orcs (D:3)
  6 ball pythons
  3 endoplasms
  A giant cockroach (D:2)
  6 hobgoblins
  2 jackals (D:2)
  6 kobolds
  2 quokkas (D:1)
  5 bats
  2 frilled lizards (D:2)
  3 goblins
  5 rats
53 creatures vanquished.

Notes
Turn   | Place    | Note
-------+----------+-------------------------------------------
     0 | D:1      | robertstho the Djinni Hedge Wizard began the quest for the
                  | Orb.
     0 | D:1      | Reached XP level 1. HP: 15/15 MP: 0/0
   230 | D:1      | Reached skill level 3 in Spellcasting
   237 | D:1      | Reached XP level 2. HP: 12/21 MP: 0/0
  1285 | D:2      | Reached XP level 3. HP: 4/25 MP: 0/0
  1285 | D:2      | Learned a level 1 spell: Summon Small Mammal
  2437 | D:2      | Reached XP level 4. HP: 24/31 MP: 0/0
  2836 | D:2      | Reached skill level 4 in Spellcasting
  3329 | D:3      | Reached XP level 5. HP: 25/35 MP: 0/0
  3329 | D:3      | Learned a level 2 spell: Searing Ray
  4049 | D:3      | Slain by an orc

Illustrated notes

Levels and vault maps discovered:
D:1:      dpeg_arrival_shrine, layout_loops_cross
D:2:      layout_basic, nrook_campfire
D:3:      layout_basic, nicolae_underground_beach, uniq_jessica

Skill      XL: |  1  2  3  4 |
---------------+-------------+-----
Spellcasting   | 3 4 |  4.5
Stealth        | 2 |  2.4
Dodging        | |  2.8

Action                   |  1- 3 |  4- 6 || total
-------------------------+-------+-------++-------
 Cast: Magic Dart        |    93 |    68 ||   161
  Use: Scroll            |     1 |       ||     1
       Potion            |       |     1 ||     1
Armor: Robe              |     9 |    14 ||    23
Dodge: Dodged            |     4 |    18 ||    22

Table legend: (Time is in decaauts)
 A = Elapsed time spent in this place.
 B = Non-inter-level travel time spent in this place.
 C = Inter-level travel time spent in this place.
 D = Time resting spent in this place.
 E = Time spent auto-exploring this place.
 F = Levels seen in this place.
 G = Mean time per level.
                   A        B        C        D        E       F      G
               +--------+--------+--------+--------+--------+-----+--------+
         Total |   4048 |   3955 |     93 |    250 |   3425 |   3 | 1349.3 |
       Dungeon |   4048 |   3955 |     93 |    250 |   3425 |   3 | 1349.3 |
               +--------+--------+--------+--------+--------+-----+--------+

Top non-repeatable levels by time:
     D:2: 1686 daAuts
     D:1: 1510 daAuts
     D:3: 852 daAuts
